 Dungeon Crawl Stone Soup version 0.29-a0-559-g359e09b9d1 (webtiles) character file.

Game seed: 8691377254646045231

31 vulpzor the Charlatan (level 3, -2/29 HPs)
             Began as a Draconian Artificer on June 11, 2022.
             Slain by a polar bear (16 damage)
             ... created by the rage of Trog
             ... on level 2 of the Dungeon.
             The game lasted 00:06:20 (1336 turns).

vulpzor the Charlatan (Draconian Artificer)         Turns: 1336, Time: 00:06:21

Health: -2/29      AC:  6    Str: 14    XL:     3   Next: 7%
Magic:  12/12      EV: 12    Int: 11    God:
Gold:   66         SH:  0    Dex: 13    Spells: 2/2 levels left

rFire   . . .      SeeInvis .   g - staff of earth
rCold   . . .      Faith    .   (no shield)
rNeg    . . .      Spirit   .   (body armour unavailable)
rPois   .          Reflect  .   (helmet restricted)
rElec   .          Harm     .   (no cloak)
rCorr   .          Rampage  .   e - +0 pair of gloves
Will    .....                   (no boots)
Stlth   ++........              (no amulet)
HPRegen 0.09/turn               f - ring of magical power
MPRegen 0.13/turn               (no ring)

@: no status effects
A: AC +5, unfitting armour, cold-blooded
a: no special abilities


You were on level 2 of the Dungeon.
You visited 1 branch of the dungeon, and saw 2 of its levels.

You collected 66 gold pieces.

Inventory:

Hand Weapons
 a - a +0 club
Armour
 e - a +0 pair of gloves (worn)
Magical Staves
 g - a staff of earth (weapon)
Jewellery
 f - a ring of magical power (left hand)
Wands
 b - a wand of flame (8) (quivered)
 c - a wand of charming (15)
 d - a wand of iceblast (9)
Scrolls
 j - a scroll of identify {unknown}
Potions
 h - a potion of invisibility {unknown}
 i - a potion of lignification {unknown}
 k - a potion of curing {unknown}
 l - a potion of haste {unknown}
 m - 2 potions of mutation {unknown}


   Skills:
 + Level 1.7 Fighting
 + Level 2.4 Dodging
 + Level 1.5 Stealth
 - Level 0.5 Earth Magic
 + Level 3.3 Evocations


You had 2 spell levels left.
You didn't know any spells.
Your spell library contained the following spells:

 Spells                   Type           Power      Damage    Failure   Level
 Sublimation of Blood     Necr           0%         N/A       47%         2
 Petrify                  Tmut/Erth      0%         N/A       97%         4
 Irradiate                Conj/Tmut      0%         3d13      100%        5


Dungeon Overview and Level Annotations

Branches:
Dungeon (2/15)

Altars:
Trog


Innate Abilities, Weirdness & Mutations

Your plain brown scales are hard. (AC +5)
You cannot fit into any form of body armour.
You are cold-blooded and may be slowed by cold attacks.


Message History

You kill the frilled lizard!
You closely miss the kobold.
You tail-slap the kobold, but do no damage.
The kobold closely misses you.
You closely miss the kobold. The kobold barely misses you.
You closely miss the kobold.
The kobold hits you with a +0 short sword.
The kobold hits you but does no damage.
You closely miss the kobold. The kobold hits you but does no damage.
You barely miss the kobold. The kobold closely misses you.
You barely miss the kobold.
Your tail-slap misses the kobold.
The kobold barely misses you.
You completely miss the kobold.
Your tail-slap misses the kobold.
The kobold hits you but does no damage.
You closely miss the kobold.
Your tail-slap misses the kobold.
The kobold hits you with a +0 short sword.
The kobold barely misses you.
You hit the kobold.
The kobold is moderately wounded.
The kobold barely misses you.
The puff of flame hits the kobold.
You kill the kobold!
Things that are here:
a +0 short sword; a kobold corpse Trog sends monsters to punish you.
A black bear and 3 polar bears come into view.
The black bear attacks as you move away!
The black bear completely misses you. The black bear claws you.
The black bear claws you but does no damage.
The polar bear closely misses you. The polar bear claws you. x2
You hear a shout!
The polar bear barely misses you.
The polar bear claws you but does no damage.
The polar bear barely misses you. The polar bear bites you.
The polar bear claws you but does no damage. x2
A gnoll comes into view. It is wielding a +0 club.
The polar bear bites you!
Ouch! That really hurt!
You die...

##### #.†.#####
#.#.....# ###.#####.#
###hh.## #.#
###..h8).# #.#
#....@h..####.#####
............#.......#
##.8........##<.###.#
#.....#.....#### #.#
##........8.# #.#
#...........# #.#
##....g...#.# #.#
#..8 ..###.# #.####
#.....


You could see 3 polar bears, a black bear (berserk) and a gnoll.

Vanquished Creatures
  A dart slug (D:1)
  3 bats
  4 goblins (D:1)
  2 hobgoblins (D:1)
  2 jackals (D:1)
  4 kobolds
  A quokka (D:2)
  7 ball pythons (D:1)
  2 frilled lizards
  2 rats
28 creatures vanquished.

Notes
Turn   | Place    | Note
-------+----------+-------------------------------------------
     0 | D:1      | vulpzor the Draconian Artificer began the quest for the
                  | Orb.
     0 | D:1      | Reached XP level 1. HP: 16/16 MP: 1/1
    50 | D:1      | Reached skill level 1 in Stealth
   481 | D:1      | Reached XP level 2. HP: 23/23 MP: 2/2
   703 | D:1      | Found a faded altar of an unknown god.
   717 | D:1      | Prayed at the altar of an unknown god.
   717 | D:1      | Became a worshipper of Trog the Wrathful
   717 | D:1      | Reached * piety under Trog
   718 | D:1      | Fell from the grace of Trog
  1222 | D:2      | Reached XP level 3. HP: 24/29 MP: 3/3
  1332 | D:2      | Noticed a polar bear
  1332 | D:2      | Noticed a black bear
  1332 | D:2      | Noticed a polar bear
  1332 | D:2      | Noticed a polar bear
  1336 | D:2      | Slain by a polar bear

Illustrated notes

Levels and vault maps discovered:
D:1:      scummos_arrival_forest, layout_loops_corners,
          shapermc_ecumenical_altar_mp_ritualfount
D:2:      minmay_skewed_foursquare, layout_loops_ring, grunt_ministairs_3

Skill      XL: |  1 |
---------------+----+-----
Stealth        | 1 |  1.5
Fighting       | |  1.7
Dodging        | |  2.4
Earth Magic    | |  0.5
Evocations     | |  3.3

Action                   || total
-------------------------++-------
Melee: Staff             ||    72
       Club              ||     1
       Tailslap          ||     8
       Punch             ||     1
Invok: Renounce Religion ||     1
Evoke: Wand              ||     7
 Stab: Sleeping          ||     3
Armor: Skin              ||    22
Dodge: Dodged            ||    54

Table legend: (Time is in decaauts)
 A = Elapsed time spent in this place.
 B = Non-inter-level travel time spent in this place.
 C = Inter-level travel time spent in this place.
 D = Time resting spent in this place.
 E = Time spent auto-exploring this place.
 F = Levels seen in this place.
 G = Mean time per level.
                   A        B        C        D        E       F      G
               +--------+--------+--------+--------+--------+-----+--------+
         Total |   1349 |   1349 |      0 |      0 |    986 |   2 |  674.5 |
       Dungeon |   1349 |   1349 |      0 |      0 |    986 |   2 |  674.5 |
               +--------+--------+--------+--------+--------+-----+--------+

Top non-repeatable levels by time:
     D:1: 1195 daAuts
     D:2: 154 daAuts
